 Dungeon Crawl Stone Soup version 0.31-a0-1074-g0b22e4e0f1 (webtiles) character file.

Game seed: 11191086593144408661

70 Jeffwins the Shooter (level 4, -2/36 HPs)
             Began as an Armataur Hunter on Nov 27, 2023.
             Slain by a gnoll
             ... wielding a +0 spear
             ... led by a gnoll bouda
              (6 damage)
             ... on level 4 of the Dungeon.
             The game lasted 00:02:13 (2564 turns).

Jeffwins the Shooter (Armataur Hunter)              Turns: 2564, Time: 00:02:14

Health: -2/36      AC:  6    Str: 16    XL:     4   Next: 4%
Magic:  4/4        EV:  9    Int: 12    God:
Gold:   91         SH:  5    Dex: 13    Spells: 3/3 levels left

rFire   . . .        a - +0 shortbow
rCold   . . .        (shield currently unavailable)
rNeg    . . .        c - +0 leather armour
rPois   .            (helmet restricted)
rElec   .            (no cloak)
rCorr   .            (no gloves)
SInv    .            (no barding)
Will    .....        e - amulet of reflection
Stlth   ++           (no ring)
HPRegen 0.26/turn    (no ring)
MPRegen 0.09/turn

%: reflection, roll
@: brilliant
A: large, deformed body, tough skin 3, armoured tail, roll 1, long tongue,
antennae 1, iridescent scales 1, wild magic 1, devolution 1
a: no special abilities


You were on level 4 of the Dungeon.
You visited 1 branch of the dungeon, and saw 4 of its levels.

You collected 91 gold pieces.


Innate Abilities, Weirdness & Mutations

Armour fits poorly on your strangely shaped body.
You have extremely tough skin. (AC +3)
You have a long armoured tail.
You roll when moving toward enemies. (Rampage)
Your long tongue fully drains potion bottles. (2x potion effects)
You have a pair of small antennae on your head.
You are partially covered in iridescent scales. (AC +2)
Your spells are a little harder to cast, but a little more powerful.
You have hidden genetic defects.


   Skills:
 - Level 1.7 Fighting
 * Level 4.1 Ranged Weapons
 - Level 1.3 Dodging
 - Level 2.0 Stealth


You had 3 spell levels left.
You didn't know any spells.
Your spell library contained the following spells:

 Spells                   Type           Power      Damage    Failure   Level
 Apportation              Tloc           0%         N/A       47%         1
 Jinxbite                 Hex            0%         N/A       61%         2
 Alistair's Intoxication  Tmut/Pois      0%         N/A       100%        5

Inventory:

Hand Weapons
 a - a +0 shortbow (weapon)
Missiles
 l - 3 poisoned darts
Armour
 c - a +0 leather armour (worn)
Jewellery
 e - an amulet of reflection (around neck)
Talismans
 f - a serpent talisman
Wands
 n - a wand of flame (8)
Scrolls
 b - a scroll of butterflies
 d - 2 scrolls of fear {unknown}
 g - a scroll of teleportation {@r4}
 h - a scroll of amnesia
 j - a scroll of poison {unknown}
 k - a scroll of noise {unknown}
 m - a scroll of blinking
 p - a scroll of revelation {unknown}

Dungeon Overview and Level Annotations

Branches:
Dungeon (4/15)
 Temple: D:4-7

Altars:
Trog

#####################
#....................
#.###########......## #.#
#......##
########.###########......##
..........................).
.......#.##.########......##
######.#....# #......##
#.#..#@# #...##### #.#..#)#
#...# # #.#..#g# #...#
##.#..#g# #...# ........##
#...# ##.#.....## #####
+####...### ........g..#
.....#.##..#


You could see 2 gnolls.


Message History

The gnoll hits you from afar with a +0 spear.
* * * LOW HITPOINT WARNING * * *
Fire: a) +0 shortbow
Press: ? - help, Q - select action, (/) - cycle Shift-Dir - straight line, f/p - gnoll
Aim: a gnoll, wielding a +0 halberd and quivering stones (63% to hit)
You shoot an arrow.
The arrow hits the gnoll but does no damage.
The gnoll is heavily wounded.
The gnoll hits you from afar with a +0 spear.
* * * LOW HITPOINT WARNING * * *
Fire: a) +0 shortbow
Press: ? - help, Q - select action, (/) - cycle Shift-Dir - straight line, f/p - gnoll
Aim: a gnoll, wielding a +0 halberd and quivering stones (63% to hit)
You shoot an arrow.
The arrow hits the gnoll but does no damage.
The gnoll is heavily wounded.
The gnoll barely misses you.
Fire: a) +0 shortbow
Press: ? - help, Q - select action, (/) - cycle Shift-Dir - straight line, f/p - gnoll
Aim: a gnoll, wielding a +0 halberd and quivering stones (63% to hit)
You shoot an arrow. The arrow barely misses the gnoll.
The arrow closely misses the gnoll.
You block the gnoll's attack.
Fire: a) +0 shortbow
Press: ? - help, Q - select action, (/) - cycle Shift-Dir - straight line, f/p - gnoll
Aim: a gnoll, wielding a +0 halberd and quivering stones (63% to hit)
You shoot an arrow. The arrow hits the gnoll.
The gnoll is severely wounded.
The gnoll hits you from afar with a +0 spear.
You die...

Skill      XL: |  1  2  3 |
---------------+----------+-----
Ranged Weapons | 3 4 |  4.1
Stealth        | 2 |  2.0
Fighting       | |  1.7
Dodging        | |  1.3

Action                     |  1- 3 |  4- 6 || total
---------------------------+-------+-------++-------
   Fire: Shortbow          |   156 |     7 ||   163
    Use: Scroll            |     3 |       ||     3
         Potion            |     2 |       ||     2
 Armour: Leather armour    |    49 |     6 ||    55
  Dodge: Dodged            |    40 |     1 ||    41
  Block: Other             |    13 |     1 ||    14
         Reflection        |     2 |       ||     2

Levels and vault maps discovered:
D:1:      dpeg_arrival_court, layout_basic, shapermc_ecumenical_altar_gd
D:2:      layout_basic, kennysheep_boxes
D:3:      layout_loops_ring, lightli_temple_of_fire, hex_medium,
          kennysheep_generic_room_5
D:4:      layout_basic

Notes
Turn   | Place    | Note
-------+----------+-------------------------------------------
     0 | D:1      | Jeffwins the Armataur Hunter began the quest for the Orb.
     0 | D:1      | Reached XP level 1. HP: 17/17 MP: 1/1
    52 | D:1      | Reached skill level 3 in Ranged Weapons
   140 | D:1      | Found a faded altar of an unknown god.
   265 | D:1      | Reached XP level 2. HP: 24/24 MP: 2/2
   851 | D:2      | Reached skill level 2 in Stealth
  1150 | D:2      | Reached XP level 3. HP: 29/29 MP: 3/3
  2218 | D:3      | Found a bloodstained altar of Trog.
  2462 | D:4      | Reached skill level 4 in Ranged Weapons
  2550 | D:4      | Gained mutation: You have a pair of small antennae on your
                  | head. [potion of mutation]
  2550 | D:4      | Gained mutation: You are weak. (Str -2) [potion of
                  | mutation]
  2550 | D:4      | Gained mutation: You have hidden genetic defects. [potion
                  | of mutation]
  2550 | D:4      | Gained mutation: Your spells are a little harder to cast,
                  | but a little more powerful. [potion of mutation]
  2550 | D:4      | Lost mutation: You are weak. (Str -2) [potion of mutation]
  2550 | D:4      | Gained mutation: You are partially covered in iridescent
                  | scales. (AC +2) [potion of mutation]
  2558 | D:4      | Reached XP level 4. HP: 17/36 MP: 4/4
  2561 | D:4      | HP: 3/36 [gnoll/+0 spear[a gnoll bouda] (3)]
  2564 | D:4      | Slain by a gnoll

Vanquished Creatures
  A gnoll (D:4)
  A worm (D:3)
  2 orcs (D:3)
  9 endoplasms
  4 giant cockroaches
  5 goblins
  5 hobgoblins
  5 jackals
  2 quokkas (D:2)
  2 ball pythons
  4 bats
  A frilled lizard (D:1)
  4 kobolds
  3 rats
48 creatures vanquished.

Table legend: (Time is in decaauts)
 A = Elapsed time spent in this place.
 B = Non-inter-level travel time spent in this place.
 C = Inter-level travel time spent in this place.
 D = Time resting spent in this place.
 E = Time spent auto-exploring this place.
 F = Levels seen in this place.
 G = Mean time per level.
                   A        B        C        D        E       F      G
               +--------+--------+--------+--------+--------+-----+--------+
         Total |   2604 |   2495 |    109 |     16 |   2128 |   4 |  651.0 |
       Dungeon |   2604 |   2495 |    109 |     16 |   2128 |   4 |  651.0 |
               +--------+--------+--------+--------+--------+-----+--------+

Top non-repeatable levels by time:
     D:3: 885 daAuts
     D:1: 856 daAuts
     D:2: 736 daAuts
     D:4: 125 daAuts

Table legend:
 A = Non-vault XP
 B = Vault XP
 C = Vault XP percentage of total XP
 D = Non-vault monster count
 E = Vault monster count
 F = Vault count percentage of total count
                 A         B        C        D         E       F
            +---------+---------+-------+---------+---------+-------
      Total |      91 |      10 |   9.9 |      45 |       3 |   6.2
            +---------+---------+-------+---------+---------+-------
        D:1 |      25 |       0 |   0.0 |      17 |       0 |   0.0
        D:2 |      20 |       0 |   0.0 |      10 |       0 |   0.0
        D:3 |      28 |      10 |  26.3 |      15 |       3 |  16.7
        D:4 |      18 |       0 |   0.0 |       3 |       0 |   0.0
            +---------+---------+-------+---------+---------+-------
